 Dungeon Crawl Stone Soup version 0.31.0 (webtiles) character file.

Game seed: 12052460577228025740

2 qw the Shooter (level 1, -4/12 HPs)
             Began as a Gargoyle Hunter on Jan 19, 2024.
             Frozen to death by an endoplasm (5 damage)
             ... on level 1 of the Dungeon.
             The game lasted 00:00:00 (63 turns).

qw the Shooter (Gargoyle Hunter)                      Turns: 63, Time: 00:00:00

Health: -4/12      AC:  5    Str: 14    XL:     1   Next: 30%
Magic:  1/1        EV: 11    Int:  9    God:
Gold:   13         SH:  0    Dex: 13    Spells: 0/0 levels left

rFire   . . .        a - +0 shortbow
rCold   . . .        (shield currently unavailable)
rNeg    + . .        c - +0 leather armour
rPois   inf          (no helmet)
rElec   +            (no cloak)
rCorr   .            (no gloves)
SInv    .            (no boots)
Will    .....        (no amulet)
Stlth   +            (no ring)
HPRegen 0.22/turn    (no ring)
MPRegen 0.07/turn

%: no passive effects
@: no status effects
A: sickness immunity, AC +2, negative energy resistance 1, electricity
resistance, torment resistance 1, petrification resistance
a: no special abilities


You were on level 1 of the Dungeon.
You visited 1 branch of the dungeon, and saw 1 of its levels.

You collected 13 gold pieces.


Innate Abilities, Weirdness & Mutations

You are immune to sickness and miasma.
Your stone body is resilient. (AC +2)
You are immune to poison.
You resist negative energy. (rN+)
You are resistant to electric shocks. (rElec)
You are resistant to unholy torment.
You are immune to petrification.


   Skills:
 - Level 2.1 Fighting
 + Level 4.1 Ranged Weapons
 - Level 1.5 Dodging
 - Level 1.1 Stealth


You couldn't memorise any spells.
You didn't know any spells.
Your spell library was empty.

Inventory:

Hand Weapons
 a - a +0 shortbow (weapon)
Armour
 c - a +0 leather armour (worn)
Scrolls
 b - a scroll of butterflies
Potions
 d - a potion of might {unknown}

Dungeon Overview and Level Annotations

Branches:
Dungeon (1/15)

Altars:


Message History

As you open the door, it creaks loudly!
There is an open door here.
You open the door.
There is an open door here.
d - a lumpy inky potion As you open the door, it creaks loudly!
There is an open door here.
A goblin and an endoplasm come into view.
You shoot an arrow. The arrow hits the endoplasm.
You kill the endoplasm!
The goblin shouts!
An endoplasm comes into view.
You shoot an arrow. The arrow closely misses the goblin.
The endoplasm quivers.
A goblin comes into view. It is wielding a +0 dagger.
You shoot an arrow. The arrow barely misses the goblin.
You shoot an arrow. The arrow hits the goblin.
The goblin is moderately wounded.
The endoplasm jiggles.
You shoot an arrow. The arrow barely misses the goblin.
You shoot an arrow. The arrow closely misses the goblin.
The goblin hits you but does no damage.
You shoot an arrow. The arrow closely misses the goblin.
A frilled lizard comes into view.
The endoplasm misses you. The goblin hits you with a +0 dagger.
You shoot an arrow. The arrow barely misses the goblin.
The frilled lizard hisses angrily.
The goblin barely misses you. The endoplasm freezes you.
You are frozen.
The goblin hits you but does no damage.
You shoot an arrow. The arrow hits the goblin!
You kill the goblin!
The endoplasm misses you. The goblin hits you but does no damage.
The goblin hits you with a +0 dagger. The endoplasm freezes you.
You are frozen.
You shoot an arrow. The arrow barely misses the goblin.
The endoplasm freezes you.
You are frozen.
You die...

######## #......#
#......# #......#
###......# ####
##........# ..... ####
#..#......#......
...#####.##.....@)......
...'............Jg.l....
...#..###.#.............
...#####..#######.......
...######## .......
...#.'..# .......
...#'#..# .......
...#<#'### .......
'#####...#


You could see an endoplasm, a goblin and a frilled lizard.

Vanquished Creatures
  An endoplasm (D:1)
  A goblin (D:1)
2 creatures vanquished.

Notes
Turn   | Place    | Note
-------+----------+-------------------------------------------
     0 | D:1      | qw the Gargoyle Hunter began the quest for the Orb.
     0 | D:1      | Reached XP level 1. HP: 12/12 MP: 1/1
     0 | D:1      | 0 ||| qw: Version: 0.3-a-132-g3d54051
     0 | D:1      | 0 ||| qw: Game counter: 361
     0 | D:1      | 0 ||| qw: Melee chars always use a shield: true
     0 | D:1      | 0 ||| qw: God list: Okawaru
     0 | D:1      | 0 ||| qw: Allow faded altars: false
     0 | D:1      | 0 ||| qw: Do Orc after clearing Dungeon:15 true
     0 | D:1      | 0 ||| qw: Do second Lair branch before Depths: true
     0 | D:1      | 0 ||| qw: Lair rune preference: random
     0 | D:1      | 0 ||| qw: Goals: Normal
     0 | D:1      | 0 ||| PLANNING D:1-11
    62 | D:1      | HP: 1/12 [frozen (3)]
    63 | D:1      | Frozen to death by an endoplasm

Levels and vault maps discovered:
D:1:      evilmike_arrival_fibonacci_small, layout_rooms, nrook_mini_vaults,
          minmay_pentomino_q2

Action                     || total
---------------------------++-------
   Fire: Shortbow          ||    10
 Armour: Leather armour    ||     5
  Dodge: Dodged            ||     3

Table legend:
 A = Non-vault XP
 B = Vault XP
 C = Vault XP percentage of total XP
 D = Non-vault monster count
 E = Vault monster count
 F = Vault count percentage of total count
                 A         B        C        D         E       F
            +---------+---------+-------+---------+---------+-------
      Total |       3 |       0 |   0.0 |       2 |       0 |   0.0
            +---------+---------+-------+---------+---------+-------
        D:1 |       3 |       0 |   0.0 |       2 |       0 |   0.0
            +---------+---------+-------+---------+---------+-------
